Map: Forteresse de fer EC

Players

VonPrime

  • Race: Terran Terran

AgCl - Winner!

  • Race: Protoss Protoss

VOD

Have the link to the VOD?

Description

Time

  • Played on: May 23, 2015, 9:41 p.m.
  • Length: 7:36
Show
View Real Time Build Order
Export as new Build Order

VonPrime Terran 

Build Orders: MMM Bio 

Get SALT Encoding   

  12  0:03  SCV  
  13  0:15  SCV  
  14  0:27  SCV  
  15  0:36  Supply Depot  
  15  0:44  Supply Depot  
  15  0:50  Engineering Bay  
  15  0:57  SCV  
  15  1:02  Barracks  
  16  1:09  SCV  
  17  1:13  Refinery  
  17  1:22  SCV  
  18  1:34  SCV  
  19  1:42  Barracks  
  19  1:45  Refinery  
  19  1:46  SCV  
  20  1:58  SCV, Marine  
  22  2:10  SCV  
  23  2:15  Marine  
  23  2:22  SCV  
  25  2:33  Marine  
  25  2:34  SCV  
  27  2:41  Barracks Tech Lab  
  27  2:51  Marine  
  27  2:54  Refinery  
  27  2:55  Command Center  
  27  2:56  SCV  
  29  3:06  Stimpack  
  29  3:09  Marine  
  30  3:14  Factory  
  30  3:25  Bunker  
  30  3:27  Marine  
  30  3:32  Terran Infantry Weapons Level 1  
  31  3:44  Supply Depot  
  31  3:59  Orbital Command  
  31  4:05  Marine  
  31  4:08  SCV  
  31  4:09  Refinery  
  33  4:20  SCV  
  33  4:22  Factory Tech Lab  
  34  4:24  Factory Tech Lab  
  34  4:38  Supply Depot  
  35  4:43  Orbital Command  
  35  4:44  SCV  
  35  4:57  SCV  
  36  5:01  Starport  
  36  5:07  Combat Shields  
  36  5:08  Armory  
  36  5:09  SCV  
  36  5:10  Supply Depot  
  37  5:15  SCV, Supply Depot  
  37  5:21  SCV  
  39  5:27  Terran Infantry Armor Level 1, SCV  
  27  5:48  Marine  
  23  5:53  Marine  
  24  6:02  SCV  
  26  6:05  Marine  
  26  6:11  Infernal Pre-Igniter, Marauder  
  28  6:23  Marine  
  29  6:26  Concussive Shells  
  29  6:32  Marine  
  30  6:37  Widow Mine  
  32  6:41  Marine  
  33  6:50  Marauder  
  33  6:52  Supply Depot  
  34  6:54  SCV  
  34  6:58  Starport  
  34  6:59  Marine  
  36  7:06  SCV, Widow Mine  
  39  7:11  Marine  
  39  7:13  SCV  
  39  7:14  Supply Depot  
  41  7:17  Marine  
  41  7:18  SCV  
Show
View Real Time Build Order
Export as new Build Order

AgCl Protoss - Winner!

Build Orders:  

Get SALT Encoding   

  12  0:08  Probe  
  13  0:20  Probe  
  14  0:27  Pylon  
  14  0:45  Probe  
  14  0:47  Assimilator  
  15  0:57  Probe  
  16  1:04  Gateway  
  16  1:09  Probe (Chrono Boost)  
  18  1:20  Probe (Chrono Boost)  
  18  1:23  Pylon  
  18  1:26  Probe (Chrono Boost)  
  18  1:28  Assimilator  
  19  1:39  Probe (Chrono Boost)  
  20  1:46  Probe (Chrono Boost)  
  21  1:56  Probe  
  22  2:08  Probe  
  23  2:12  Nexus  
  23  2:20  Cybernetics Core, Probe (Chrono Boost)  
  24  2:32  Probe (Chrono Boost)  
  24  2:41  Probe (Chrono Boost), Pylon  
  25  2:46  Gateway  
  25  2:49  Probe  
  26  2:58  Adept (Chrono Boost)  
  28  3:01  Mothership Core (Chrono Boost)  
  28  3:02  Warp Gate  
  30  3:15  Probe (Chrono Boost)  
  30  3:18  Assimilator  
  31  3:27  Probe (Chrono Boost)  
  31  3:31  Probe (Chrono Boost)  
  33  3:35  Stargate  
  33  3:39  Probe (Chrono Boost)  
  35  3:42  Probe (Chrono Boost)  
  35  3:45  Probe (Chrono Boost)  
  36  3:51  Probe (Chrono Boost)  
  37  3:59  Assimilator  
  39  4:03  Probe x2 (Chrono Boost)  
  39  4:09  Probe (Chrono Boost)  
  41  4:17  Probe (Chrono Boost)  
  41  4:18  Oracle (Chrono Boost)  
  41  4:20  Nexus  
  41  4:23  Probe (Chrono Boost)  
  45  4:26  Probe (Chrono Boost), Pylon  
  45  4:30  Probe (Chrono Boost)  
  47  4:36  Probe (Chrono Boost)  
  50  4:47  Probe x2 (Chrono Boost)  
  50  4:53  Probe (Chrono Boost)  
  50  4:54  Probe (Chrono Boost)  
  50  4:58  Pylon  
  52  5:01  Pylon  
  52  5:05  Probe (Chrono Boost)  
  52  5:06  Probe (Chrono Boost)  
  54  5:13  Probe x2 (Chrono Boost)  
  56  5:22  Probe x2  
  58  5:29  Pylon  
  58  5:34  Probe  
  58  5:35  Probe  
  60  5:36  Probe  
  60  5:39  Fleet Beacon  
  60  5:41  Pylon  
  61  5:46  Probe  
  61  5:47  Probe  
  63  6:00  Probe (Chrono Boost)  
  66  6:06  Pylon, Carrier (Chrono Boost)  
  66  6:07  Probe x2 (Chrono Boost)  
  66  6:10  Probe (Chrono Boost)  
  67  6:12  Assimilator  
  67  6:15  Probe  
  67  6:16  Assimilator  
  68  6:20  Pylon  
  68  6:23  Graviton Catapult  
  68  6:28  Stargate  
  68  6:29  Stargate  
  68  6:30  Pylon  
  74  6:33  Probe, Forge  
  74  6:34  Probe  
  74  6:37  Probe  
  77  6:45  Probe  
  77  6:46  Adept x2  
  81  6:48  Probe (Chrono Boost)  
  82  6:59  Probe (Chrono Boost)  
  83  7:03  Probe (Chrono Boost), Pylon  
  83  7:06  Probe (Chrono Boost)  
  81  7:13  Adept  
  81  7:14  Adept  
  87  7:18  Probe x2 (Chrono Boost)  
  86  7:23  Probe (Chrono Boost)  
Tags
 
Add a new tag
Caveats
  • Supply blocks, unpowered buildings, or Contaminate may cause inaccurate times.
  • Supply counts are checked every 10 seconds.